 Dungeon Crawl Stone Soup version 0.16-a0-1218-g8731af7 (webtiles) character file.

148 tedric the Magician (level 5, 0/33 HPs)
             Began as an Octopode Transmuter on Oct 14, 2014.
             Slain by an adder (4 damage)
             ... on level 4 of the Dungeon.
             The game lasted 00:05:42 (1424 turns).

tedric the Magician (Octopode Transmuter)           Turns: 1424, Time: 00:05:42

Health: 0/33       AC:  1    Str: 10    XL:     5   Next: 30%
Magic:  13/13      EV: 12    Int: 15    God:
Gold:   36         SH:  0    Dex: 13    Spells: 2 memorised, 9 levels left

rFire  . . .     SeeInvis .       - Unarmed
rCold  . . .     Clarity  .     (no shield)
rNeg   . . .     SustAb   .     (helmet restricted)
rPois  .         Gourm    .     (no amulet)
rElec  .         Spirit   .     q - ring of invisibility
rCorr  .         Warding  .     (no ring)
rMut   .         Stasis   .     (no ring)
MR     .....                    (no ring)
Stlth  ++........               (no ring)
                                (no ring)
                                (no ring)
                                (no ring)

@: lethally poisoned, appendage, not resistant to hostile enchantments,
unstealthy
A: almost no armour, amphibious, 8 rings, constrict 8, tentacle spike 3,
camouflage 1, gelatinous body 1
a: End Transformation, Evoke Invisibility


You were on level 4 of the Dungeon.
You were full.
One of your tentacles had a temporary spike.
You visited 1 branch of the dungeon, and saw 4 of its levels.

You collected 36 gold pieces.

Inventory:

Missiles
 i - 25 poisoned needles
Jewellery
 q - a ring of invisibility (left tentacle)
Scrolls
 b - 4 scrolls of remove curse {unknown}
 c - a scroll of blinking {unknown}
 e - a scroll of recharging {unknown}
 f - a scroll of enchant weapon {unknown}
 h - a scroll of fog {unknown}
 l - a scroll of fear {unknown}
 o - 2 scrolls of identify {unknown}
 p - a scroll of teleportation {unknown}
Potions
 k - a potion of might {unknown}
 m - a potion of restore abilities {unknown}
 n - a potion of curing {unknown}
Books
 d - a book of Changes

   Spells                             Type                      Level
   *Beastly Appendage                 Transmutation                1
   Sticks to Snakes                   Transmutation                2
   *Spider Form                       Transmutation/Poison         3
   Ice Form                           Ice/Transmutation            4
   Blade Hands                        Transmutation                5
Comestibles
 a - 2 bread rations
 r - 2 fruits


   Skills:
 - Level 1.1 Fighting
 - Level 2.1 Dodging
 + Level 4.3 Unarmed Combat
 * Level 4.6 Spellcasting
 + Level 3.1 Transmutations


You had 9 spell levels left.
You knew the following spells:

 Your Spells              Type           Power        Failure   Level  Hunger
a - Beastly Appendage     Trmt           ##....       6%          1    None
b - Spider Form           Trmt/Pois      #.........   30%         3    ###....


Dungeon Overview and Level Annotations

Branches:
Dungeon (4/15)
 Temple: D:4-7

Altars:


Innate Abilities, Weirdness & Mutations

You cannot wear most types of armour.
You are amphibious.
You can wear up to eight rings at the same time.
You can use your tentacles to constrict many enemies at once.
Your skin changes colour to match your surroundings (Stealth).
Your rubbery body absorbs attacks (AC +1).
One of your tentacles bears a large vicious spike.


Message History

Confirm with . or Enter, or press ? or * to list all spells.
One of your tentacles grows a vicious spike.
The adder closely misses you.
You tentacle-slap the adder.
The adder is moderately wounded.
The adder bites you.
* * * LOW HITPOINT WARNING * * *
You are poisoned.
The adder poisons you!
You miss the adder.
The adder is moderately wounded.
You feel sick. The adder misses you.
You closely miss the adder.
You pierce the adder.
The adder is moderately wounded.
The adder barely misses you.
You miss the adder. You grab the adder.
You slap the adder.
You smack the adder.
The adder is severely wounded.
You constrict the adder.
You feel sick. The adder misses you. The adder bites you.
You die...

#...........
#...........
#...........
#.###...........
#................
#####............
#..............
#.#.............
#.#....@S.......
# #.............
#...............
##.#............
#..............
#.#...........
.#..........
#......... ....


You could see an adder.

Vanquished Creatures
  2 orc priests (D:3)
  A worker ant (D:4)
  An adder (D:2)
  A worm (D:2)
  A giant gecko (D:1)
  An ooze (D:1)
  7 orcs (D:3)
  2 goblins
  3 hobgoblins
  6 kobolds
  A quokka (D:2)
  8 bats
  A giant newt (D:1)
  11 rats
46 creatures vanquished.

Notes
Turn   | Place    | Note
--------------------------------------------------------------
     0 | D:1      | tedric, the Octopode Transmuter, began the quest for the Orb.
     0 | D:1      | Reached XP level 1. HP: 13/13 MP: 3/3
    75 | D:1      | Reached XP level 2. HP: 18/18 MP: 5/5
   642 | D:2      | Reached XP level 3. HP: 17/23 MP: 8/8
   647 | D:2      | Learned a level 3 spell: Spider Form
   932 | D:2      | Reached skill level 4 in Unarmed Combat
  1220 | D:3      | Reached XP level 4. HP: 25/28 MP: 10/10
  1338 | D:3      | Reached XP level 5. HP: 14/33 MP: 8/13
  1424 | D:4      | Slain by an adder

Action                   |  1- 3 |  4- 6 || total
-------------------------+-------+-------++-------
Melee: Unarmed           |    90 |    22 ||   112
 Cast: Beastly Appendage |     1 |     1 ||     2
       Spider Form       |     1 |     2 ||     3
  Use: Potion            |       |     3 ||     3
 Stab: Sleeping          |     3 |     1 ||     4
  Eat: Pizza             |     1 |       ||     1
       Beef jerky        |     1 |       ||     1
       Royal jelly       |     1 |       ||     1
       Fruit             |       |     3 ||     3
